 Dungeon Crawl Stone Soup version 0.30.1-4-g462c640d31 (webtiles) character file.

Game seed: 166510267049299635

75735 safid the Gelid (level 15, 0/131 HPs)
             Began as a Merfolk Ice Elementalist on Sept 13, 2023.
             Was a High Priest of Vehumet.
             Slain by a seven-headed hydra simulacrum (4 damage)
             ... in an ice cave.
             The game lasted 01:05:18 (29788 turns).

safid the Gelid (Merfolk Ice Elementalist)         Turns: 29788, Time: 01:05:19

Health: 0/131      AC:  9    Str:  9      XL:     15   Next: 51%
Magic:  0/27       EV: 15    Int: 22      God:    Vehumet [*****.]
Gold:   1071       SH:  0    Dex: 16 (17) Spells: 13/30 levels left

rFire   . . .        P - +5 flail "safid's Foe" {elec, Dex+3}
rCold   + + .        (no shield)
rNeg    . . .        r - +0 leather armour "Worumnod" {rPois rF+ rC+ Will+}
rPois   +            G - +2 helmet
rElec   .            (no cloak)
rCorr   +            p - +2 pair of gloves
SInv    .            (no boots)
Will    ++...        K - amulet "Riokkax" {Spirit Regen+}
Stlth   ++           N - ring of ice
HPRegen 1.21/turn    Q - ring of resist corrosion
MPRegen 0.20/turn

%: guardian spirit
@: mighty, slowed, very slow
A: (nimble swimmer 2), mertail
a: Renounce Religion


You were in an ice cave.
You worshipped Vehumet.
Vehumet was extremely pleased with you.
You visited 5 branches of the dungeon, and saw 21 of its levels.
You also visited: Ossuary, Ice Cave and Volcano.

You collected 2428 gold pieces.
You spent 1357 gold pieces at shops.

Inventory:

Hand Weapons
 n - the +2 mace "Meteynit" {spect, Str+7}
   (You found it on level 3 of the Dungeon)

   Str:       It affects your strength (+7).
 J - a +1 quick blade of flaming
 P - the +5 flail "safid's Foe" (weapon) {elec, Dex+3}
   (You found it on level 2 of the Shoals)

   Dex:       It affects your dexterity (+3).
Missiles
 M - 4 curare-tipped darts
 R - a throwing net
Armour
 p - a +2 pair of gloves (worn)
 r - the +0 leather armour "Worumnod" (worn) {rPois rF+ rC+ Will+}
   (You found it on level 4 of the Dungeon)

   rF:        It protects you from fire.
   rC:        It protects you from cold.
   rPois:     It protects you from poison.
   Will:      It increases your willpower.
 G - a +2 helmet (worn)
Jewellery
 v - a ring of see invisible
 K - the amulet "Riokkax" (around neck) {Spirit Regen+}
   (You acquired it on level 2 of the Orcish Mines)

   [amulet of guardian spirit]

   It causes incoming damage to be divided between your reserves of health and
   magic.
   Regen:     It increases your rate of health regeneration.
 N - a ring of ice (left hand)
 Q - a ring of resist corrosion (right hand)
Wands
 c - a wand of digging (5)
 e - a wand of quicksilver (9)
 t - a wand of mindburst (28)
 z - a wand of polymorph (16)
 B - a wand of roots (13)
 F - a wand of flame (32)
Scrolls
 a - 3 scrolls of enchant armour
 f - a scroll of enchant weapon
 j - 7 scrolls of teleportation
 l - 9 scrolls of blinking
 m - 4 scrolls of butterflies
 s - 4 scrolls of amnesia
 y - 7 scrolls of fog
 C - a scroll of brand weapon
 E - 2 scrolls of fear
 H - 2 scrolls of poison
 O - a scroll of silence {unknown}
Potions
 b - a potion of magic
 g - 9 potions of brilliance
 h - 7 potions of mutation
 i - 5 potions of resistance
 o - 4 potions of flight
 q - 3 potions of ambrosia
 u - a potion of cancellation
 w - a potion of haste {unknown}
 A - 6 potions of invisibility
 D - 2 potions of berserk rage
 I - a potion of experience {unknown}
 L - a potion of curing
Miscellaneous
 k - a phial of floods


   Skills:
 - Level 16.0 Fighting
 - Level 2.0 Armour
 - Level 8.0 Dodging
 - Level 2.1 Stealth
 - Level 8.0 Spellcasting
 - Level 4.0 Conjurations
 - Level 4.0 Translocations
 + Level 19.1 Ice Magic
 - Level 2.0 Air Magic
 - Level 8.0 Evocations


You had 13 spell levels left.
You knew the following spells:

 Your Spells              Type           Power      Damage    Failure   Level
a - Freeze                Ice            100%       1d10      0%          1
b - Frozen Ramparts       Ice            100%       1d16      0%          3
c - Ozocubu's Armour      Ice            96%        N/A       0%          3
d - Hailstorm             Conj/Ice       74%        3d15      1%          3
e - Freezing Cloud        Conj/Ice/Air   31%        6-21      2%          5
f - Blink                 Tloc           52%        N/A       3%          2

Your spell library contained the following spells:

 Spells                   Type           Power      Damage    Failure   Level
 Fireball                 Conj/Fire      8%         3d6       30%         5
 Magic Dart               Conj           100%       1d8       1%          1
 Searing Ray              Conj           52%        2d6       1%          2
 Summon Ice Beast         Ice/Summ       66%        N/A       1%          4
 Poisonous Vapours        Pois/Air       26%        N/A       2%          2
 Dazzling Flash           Conj/Hex       34%        N/A       3%          3
 Mephitic Cloud           Conj/Pois/Air  17%        N/A       3%          3
 Vhi's Electric Charge    Tloc/Air       44%        N/A       9%          3
 Flame Wave               Conj/Fire      17%        2d7       12%         4
 Fulminant Prism          Conj/Hex       8%         3d7       12%         4
 Manifold Assault         Tloc           26%        N/A       19%         4
 Arcjolt                  Conj/Air       11%        1d21      21%         5
 Summon Guardian Golem    Hex/Summ       8%         N/A       30%         3
 Summon Lightning Spire   Summ/Air       13%        N/A       54%         4
 Animate Armour           Summ/Erth      16%        N/A       69%         4
 Iron Shot                Conj/Erth      8%         9d3       82%         6
 Silence                  Hex/Air        6%         N/A       88%         5
 Plasma Beam              Fire/Air       6%         2x1d18    91%         6
 Agony                    Necr           8%         N/A       95%         5
 Alistair's Intoxication  Tmut/Pois      5%         N/A       95%         5
 Blade Hands              Tmut           4%         N/A       95%         5
 Borgnjor's Vile Clutch   Necr/Erth      4%         N/A       95%         5
 Eringya's Noxious Bog    Tmut/Pois      4%         N/A       97%         6
 Orb of Destruction       Conj           13%        9d7       97%         7
 Summon Cactus Giant      Summ           4%         N/A       100%        6
 Spellforged Servitor     Conj/Summ      8%         N/A       100%        7
 Storm Form               Tmut/Air       6%         N/A       100%        7
 Maxwell's Capacitive Co  Air            8%         ∞         100%        8


Dungeon Overview and Level Annotations

Branches:
Dungeon (11/15)            Temple (1/1) D:4            Lair (5/5) D:10
 Shoals (2/4) Lair:3        Snake (0/4) Lair:2        Slime (0/5) Lair:4
    Orc (2/2) D:11            Elf (0/3) Orc:2       Ossuary (visited)
  IceCv (1/1)             Volcano (visited)

Altars:
Ashenzari
Cheibriados
Dithmenos
Elyvilon
Fedhas
Gozag
Hepliaklqana
Kikubaaqudgha
Makhleb
Nemelex Xobeh
Qazlal
Ru
Sif Muna
Trog
Uskayaw
Vehumet
Wu Jian
Xom
Yredelemnul
Zin
The Shining One
Jiyva

Shops:
D:4 =   D:10 *   Orc:1 :   Orc:2 ([(?

Portals:
Trove: D:10 (give horn of Geryon)

Annotations:
D:4 1 runed translucent door, Crazy Yiuf, Dowan, Duvessa
Lair:2 exclusion: oklob plant


Innate Abilities, Weirdness & Mutations

((You are very nimble when in or above water. (Stealth+, EV+, Speed+++)))
Your lower body shifts to a powerful aquatic tail in water.


Message History

The freezing wraith is almost destroyed.
The freezing wraith closely misses you.
The freezing wraith hits you but does no damage.
The freezing wraith misses you. The freezing wraith hits you.
The freezing wraith drains your vigour!
You feel as though you will be slow longer.
You sock the freezing wraith!
Lightning courses through the freezing wraith!
You destroy the freezing wraith!
Vehumet accepts your kill.
You feel your power returning.
Your life force feels restored.
Unknown command.
You thump the seven-headed hydra simulacrum!
Lightning courses through the seven-headed hydra simulacrum!
The seven-headed hydra simulacrum is heavily damaged.
The seven-headed hydra simulacrum bites you.
The seven-headed hydra simulacrum freezes you!
You resist.
The seven-headed hydra simulacrum bites you but does no damage.
The seven-headed hydra simulacrum bites you.
The seven-headed hydra simulacrum freezes you!
You resist.
* * * LOW HITPOINT WARNING * * *
The seven-headed hydra simulacrum bites you!
* * * LOW HITPOINT WARNING * * *
The seven-headed hydra simulacrum freezes you.
You resist.
* * * LOW HITPOINT WARNING * * *
The seven-headed hydra simulacrum barely misses you.
The seven-headed hydra simulacrum misses you.
The seven-headed hydra simulacrum bites you!
* * * LOW HITPOINT WARNING * * *
The seven-headed hydra simulacrum freezes you!
You resist.
* * * LOW HITPOINT WARNING * * *
The seven-headed hydra simulacrum misses you.
The seven-headed hydra simulacrum completely misses you. x2
The seven-headed hydra simulacrum bites you.
You die...

# .### ..## ...## # #...#
##### ##.. ##...#
#####...# .....##..######
##........
[...........#.###.........
#)..##...@.....#..........
## ####Z##..............
#≈≈≈###............
##≈≈≈####..........
........### ###.#....#.
.○....... ####..###
....W##... #..## ####.
##... ##..## . .#.. ##..#


You could see a seven-headed hydra simulacrum.

Vanquished Creatures
  Kirke (Lair:3)
  Gastronok (D:10)
  An orc warlord (Orc:2)
  A merfolk impaler (Shoals:1)
  A fire dragon (Volcano)
  3 hydras (Lair:5)
  5 two-headed ogres
  3 merfolk avatars
  A satyr (Shoals:2)
  A boulder beetle (D:11)
  Urug (D:11)
  Nergalle (Lair:3)
  An orc high priest (Orc:2)
  4 sun demons (Volcano)
  6 skysharks
  6 sea snakes
  An obsidian statue (IceCv)
  A spriggan simulacrum (IceCv)
  3 orc knights (Orc:2)
  3 harpies (Shoals:1)
  An orc sorcerer (Orc:2)
  A cyclops (D:11)
  3 fauns (Shoals:2)
  3 merfolk sirens
  4 manticores
  Maurice (D:10)
  6 elephants
  3 black mambas
  2 water nymphs
  11 cane toads
  A smoke demon (Volcano)
  3 rime drakes
  An unseen horror (D:10)
  2 ice devils (IceCv)
  4 freezing wraiths (IceCv)
  Maggie (D:10)
  6 komodo dragons
  A guardian mummy (D:10)
  An anaconda simulacrum (IceCv)
  A troll (Orc:1)
  9 merfolk
  5 polar bears
  A wind drake (Shoals:1)
  5 hornets
  7 snapping turtles
  9 dream sheep
  20 blink frogs
  2 slime creatures (Lair:4)
  29 yaks
  A shadow (D:11)
  2 water elementals
  7 wyverns
  5 hogs (Lair:3)
  5 steam dragons
  5 basilisks
  Grum (D:10)
  2 minotaur simulacra (IceCv)
  A harpy simulacrum (IceCv)
  3 nagas (Lair:2)
  2 wargs (Orc:2)
  15 water moccasins
  3 acid dragons
  4 hell hounds (Volcano)
  A sky beast (D:6)
  3 black bears
  33 orc warriors
  7 ogres
  28 wolves
  5 centaurs
  4 phantoms
  A kobold brigand (D:8)
  Blork the orc (D:5)
  2 gnoll sergeants
  2 deep troll simulacra (IceCv)
  12 bullfrogs
  8 scorpions
  8 wights
  5 killer bees
  2 howler monkeys (D:7)
  2 centaur zombies (Ossuary)
  2 hounds
  A human zombie (Ossuary)
  5 jellies
  23 orc priests
  7 hell rats
  5 iguanas
  Terence (D:3)
  2 sleepcaps
  22 orc wizards
  3 ogre zombies (Ossuary)
  7 mummies (Ossuary)
  7 adders
  9 gnolls
  11 river rats (Lair:3)
  2 shadow imps
  A white imp (D:6)
  2 ufetubi
  5 adder zombies (Ossuary)
  A worm (D:5)
  2 dart slugs
  80 orcs
  10 ball pythons
  8 endoplasms
  5 giant cockroaches
  A gnoll zombie (Ossuary)
  6 goblins
  5 hobgoblins
  11 kobolds
  3 quokkas
  8 bats
  2 frilled lizards
  2 goblin zombies (Ossuary)
  4 hobgoblin zombies (Ossuary)
  3 kobold zombies (Ossuary)
  4 quokka zombies (Ossuary)
  4 rats
  5 rat zombies (Ossuary)
  2 spectral weapons (Shoals:1)
649 creatures vanquished.

Vanquished Creatures (others)
  6 spectral weapons
6 creatures vanquished.

Grand Total: 655 creatures vanquished

Notes
Turn   | Place    | Note
-------+----------+-------------------------------------------
     0 | D:1      | safid the Merfolk Ice Elementalist began the quest for the
                  | Orb.
     0 | D:1      | Reached XP level 1. HP: 13/13 MP: 3/3
   192 | D:1      | Reached XP level 2. HP: 20/20 MP: 5/5
   249 | D:1      | Found a faded altar of an unknown god.
   254 | D:1      | Reached skill level 1 in Fighting
  1029 | D:2      | Reached XP level 3. HP: 26/26 MP: 4/6
  1033 | D:2      | Learned a level 3 spell: Frozen Ramparts
  1521 | D:3      | Learned a level 3 spell: Ozocubu's Armour
  1875 | D:3      | Found an ornate altar of the Wu Jian Council.
  1961 | D:3      | Reached skill level 5 in Ice Magic
  2020 | D:3      | Reached XP level 4. HP: 30/33 MP: 8/8
  2079 | D:3      | Noticed Terence
  2083 | D:3      | Killed Terence
  2443 | D:3      | Identified the +2 mace "Meteynit" {spect, Str+7}
  2838 | D:3      | Reached XP level 5. HP: 16/39 MP: 5/9
  2956 | D:4      | Noticed a phantom
  2958 | D:4      | Found a hide-covered altar of Uskayaw.
  2999 | D:4      | Killed a phantom
  3081 | D:4      | Reached XP level 6. HP: 28/47 MP: 7/11
  3239 | D:4      | Identified the +0 leather armour "Worumnod" {rPois rF+ rC+
                  | Will+}
  3274 | D:4      | Reached skill level 6 in Ice Magic
  3408 | D:4      | Found a sparkling altar of Nemelex Xobeh.
  3426 | D:4      | Found Idweirphent's Jewellery Shoppe.
  3500 | D:4      | Found a staircase to the Ecumenical Temple.
  3550 | Temple   | Entered the Ecumenical Temple
  3911 | D:4      | Found a runed translucent door.
  3912 | D:4      | Noticed Crazy Yiuf
  3912 | D:4      | Noticed Duvessa
  3912 | D:4      | Noticed Dowan
  3929 | D:5      | Entered Level 5 of the Dungeon
  3942 | D:4      | Reached XP level 7. HP: 25/54 MP: 11/13
  4159 | D:5      | Found a snail-covered altar of Cheibriados.
  4170 | D:5      | Reached skill level 1 in Armour
  4547 | D:5      | Reached XP level 8. HP: 43/61 MP: 14/14
  4716 | D:5      | Reached skill level 5 in Fighting
  4788 | D:5      | Noticed Blork the orc
  4794 | D:5      | Reached skill level 5 in Dodging
  4794 | D:5      | Reached skill level 7 in Ice Magic
  4802 | D:5      | Killed Blork the orc
  4803 | D:5      | Reached skill level 5 in Spellcasting
  5394 | D:5      | Found a hazy altar of Hepliaklqana.
  5504 | D:6      | Found a bloodstained altar of Trog.
  5752 | D:6      | Reached XP level 9. HP: 69/69 MP: 13/17
  6111 | D:6      | Reached skill level 8 in Ice Magic
  6803 | D:7      | Reached XP level 10. HP: 74/79 MP: 17/20
  7016 | D:7      | Reached skill level 9 in Ice Magic
  7249 | D:7      | Found a sacrificial altar of Ru.
  7345 | D:7      | You fall into a shaft and drop 1 floor!
  7381 | D:8      | Found an ancient bone altar of Kikubaaqudgha.
  7456 | D:8      | Found a sand-covered staircase.
  7459 | Ossuary  | Entered an ossuary
  8051 | D:8      | Noticed a two-headed ogre
  8062 | D:8      | Killed a two-headed ogre
  8862 | D:9      | HP: 3/82 [hornet (12)]
  8866 | D:9      | Paralysed by a hornet for 1 turns
  9114 | D:9      | Found a radiant altar of Vehumet.
  9122 | D:9      | Became a worshipper of Vehumet
  9214 | D:9      | Found a stormy altar of Qazlal.
  9294 | D:9      | Reached skill level 10 in Ice Magic
  9339 | D:9      | Learned a level 3 spell: Hailstorm
  9402 | D:9      | Found a shadowy altar of Dithmenos.
  9483 | D:9      | Found a glowing silver altar of Zin.
  9485 | D:9      | Found an opulent altar of Gozag.
  9908 | D:9      | Noticed a two-headed ogre
  9929 | D:9      | Killed a two-headed ogre
 10097 | D:10     | Entered Level 10 of the Dungeon
 10098 | D:10     | Noticed Grum
 10103 | D:10     | Reached XP level 11. HP: 81/89 MP: 19/23
 10108 | D:10     | Killed Grum
 10206 | D:10     | Noticed Maggie
 10215 | D:10     | Killed Maggie
 10216 | D:10     | Reached skill level 11 in Ice Magic
 10232 | D:10     | Found a burning altar of Makhleb.
 10237 | D:10     | Noticed a two-headed ogre
 10246 | D:10     | Killed a two-headed ogre
 10247 | D:10     | Reached skill level 10 in Fighting
 10387 | D:10     | Noticed Maurice
 10397 | D:10     | Killed Maurice
 10461 | D:10     | Found Wautoes's General Store.
 10465 | D:10     | Found a shimmering altar of Xom.
 10465 | D:10     | Found a shimmering altar of Xom.
 10465 | D:10     | Found a shimmering altar of Xom.
 10470 | D:10     | Bought a scroll of blinking for 97 gold pieces
 10481 | D:10     | Found a shimmering altar of Xom.
 10483 | D:10     | Found a shimmering altar of Xom.
 10483 | D:10     | Found a shimmering altar of Xom.
 10693 | D:10     | Reached * piety under Vehumet
 10693 | D:10     | Offered knowledge of Sandblast by Vehumet.
 10931 | D:10     | Noticed a two-headed ogre
 10940 | D:10     | Killed a two-headed ogre
 10941 | D:10     | Reached skill level 12 in Ice Magic
 11096 | D:10     | Noticed Gastronok
 11108 | D:10     | Killed Gastronok
 11165 | D:10     | Found a staircase to the Lair.
 11485 | D:10     | Found a portal to a secret trove of treasure.
 11630 | Lair:1   | Entered Level 1 of the Lair of Beasts
 12010 | Lair:1   | Reached skill level 13 in Ice Magic
 12064 | Lair:1   | Reached XP level 12. HP: 102/102 MP: 24/24
 12148 | Lair:1   | Reached skill level 1 in Evocations
 12152 | Lair:1   | Offered knowledge of Searing Ray by Vehumet.
 12315 | Lair:1   | Reached ** piety under Vehumet
 12875 | Lair:2   | Learned a level 2 spell: Blink
 13079 | Lair:2   | Reached skill level 1 in Translocations
 13338 | Lair:2   | Found a staircase to the Snake Pit.
 14008 | Lair:3   | Found a dark tunnel.
 14011 | Lair:3   | Noticed a skyshark
 14027 | Lair:3   | Killed a skyshark
 14028 | Lair:3   | Reached skill level 14 in Ice Magic
 14265 | Volcano  | Entered a volcano
 14310 | Volcano  | Noticed a sun demon
 14321 | Volcano  | Killed a sun demon
 14322 | Volcano  | Reached skill level 5 in Evocations
 14434 | Volcano  | Offered knowledge of Dazzling Flash by Vehumet.
 14593 | Volcano  | Noticed a sun demon
 14601 | Volcano  | Killed a sun demon
 14671 | Volcano  | Reached *** piety under Vehumet
 14762 | Volcano  | Noticed a sun demon
 14763 | Volcano  | Noticed a sun demon
 14770 | Volcano  | Killed a sun demon
 14772 | Volcano  | Killed a sun demon
 14915 | Volcano  | Noticed a fire dragon
 14995 | Volcano  | Killed a fire dragon
 15253 | Lair:3   | Reached XP level 13. HP: 108/108 MP: 22/25
 15338 | Lair:3   | Found a staircase to the Shoals.
 15476 | Lair:3   | Reached skill level 15 in Ice Magic
 15627 | Lair:3   | Offered knowledge of Sticky Flame by Vehumet.
 15844 | Lair:3   | Noticed Nergalle
 15862 | Lair:3   | Killed Nergalle
 15905 | Lair:3   | Found a white marble altar of Elyvilon.
 15971 | Lair:3   | Reached **** piety under Vehumet
 16527 | Lair:3   | Noticed Kirke
 16540 | Lair:3   | Killed Kirke
 16692 | Lair:4   | Found a viscous altar of Jiyva.
 16694 | Lair:4   | Found a staircase to the Slime Pits.
 16827 | Lair:4   | Offered knowledge of Ignite Poison by Vehumet.
 16930 | Lair:4   | Reached skill level 16 in Ice Magic
 17400 | Lair:4   | You fall into a shaft and drop 1 floor!
 17400 | Lair:5   | Entered Level 5 of the Lair of Beasts
 18512 | Lair:4   | Reached XP level 14. HP: 69/118 MP: 26/26
 18953 | Lair:5   | HP: 4/118 [four-headed hydra (10)]
 19291 | Lair:5   | Reached skill level 17 in Ice Magic
 19293 | Lair:5   | Reached ***** piety under Vehumet
 19955 | Lair:5   | Offered knowledge of Iskenderun's Battlesphere by Vehumet.
 20144 | Lair:5   | Got the Precepts of Congregated Pyromania
 21353 | Lair:5   | Identified the +3 whip "Tormentor" {holy, rF++}
 21865 | D:11     | Noticed Urug
 21887 | D:11     | Killed Urug
 23086 | D:11     | Found a staircase to the Orcish Mines.
 23295 | Orc:1    | Entered Level 1 of the Orcish Mines
 23366 | Orc:1    | Found Veoni's Book Boutique.
 23375 | Orc:1    | Bought a book of Vapours for 390 gold pieces
 23381 | Orc:1    | Learned a level 5 spell: Freezing Cloud
 23431 | Orc:1    | Reached skill level 18 in Ice Magic
 24329 | Orc:2    | Entered Level 2 of the Orcish Mines
 24329 | Orc:2    | Found a staircase to the Elven Halls.
 24801 | Orc:2    | Found a burning altar of Makhleb.
 24826 | Orc:2    | Reached skill level 1 in Conjurations
 24830 | Orc:2    | Reached skill level 1 in Air Magic
 25067 | Orc:2    | Offered knowledge of Conjure Ball Lightning by Vehumet.
 25223 | Orc:2    | Found Hikhyrr's Antique Weapon Shoppe.
 25256 | Orc:2    | Noticed an orc warlord
 25854 | Orc:2    | Found Daunucem's Magic Scroll Shoppe.
 25943 | Orc:2    | Bought a scroll of identify for 30 gold pieces
 25943 | Orc:2    | Bought a scroll of fear for 60 gold pieces
 25943 | Orc:2    | Bought a scroll of acquirement for 780 gold pieces
 25948 | Orc:2    | Acquired the amulet "Riokkax" {Spirit Regen+}
 26097 | Orc:2    | Killed an orc warlord
 26220 | Orc:2    | Reached skill level 15 in Fighting
 26366 | Orc:2    | Found Geppilo's Antique Armour Shop.
 26374 | Orc:2    | Found Tuss's Antique Weapon Boutique.
 26807 | Shoals:1 | Entered Level 1 of the Shoals
 26936 | Shoals:1 | Reached XP level 15. HP: 79/129 MP: 0/27
 27424 | Shoals:1 | Offered knowledge of Fireball by Vehumet.
 28757 | Shoals:2 | Identified the +5 flail "safid's Foe" {elec, Dex+3}
 29072 | Shoals:2 | Found a frozen archway.
 29081 | IceCv    | Entered an ice cave
 29417 | IceCv    | Reached skill level 19 in Ice Magic
 29788 | IceCv    | HP: 4/131 [seven-headed hydra simulacrum (10)]
 29788 | IceCv    | Slain by a seven-headed hydra simulacrum

Illustrated notes

Levels and vault maps discovered:
D:1:      matt_arrival_refuge, layout_basic, chequers_ecumenical_altar_simple
D:2:      layout_rooms, serial_bayou_lagoon_a, minmay_misc_feat_doors
D:3:      layout_basic, nicolae_overflow_hidden_temple, uniq_terence
D:4:      layout_cave_pools, eat_drink_and_be_merry_uskayaw,
          nemelex_spade_bored_becter, minmay_temple_entry_poolview,
          serial_shops, shop, uniq_crazy_yiuf_cottage, uniq_duvessa
D:5:      layout_gridville, worldfamousw_hep_ancestral_shrine,
          old_standard_altar, uniq_blork_the_orc
D:6:      layout_loops_ring, mainiacjoe_overflow_concentric_impassable,
          hangedman_abyss_or_decor_stagger, grunt_ministairs_1
D:7:      layout_basic, okawaru_metal_pillars_3, lemuel_crystal_altar,
          minivault_24
D:8:      layout_basic, mainiacjoe_overflow_small_starburst,
          lightli_ossuary_entry_decrepit_ruins
D:9:      layout_rooms, lemuel_coloured_pillars_altar,
          nicolae_qazlal_general_emergency, grunt_temple_overflow_open
D:10:     layout_basic, xom_redecorated, mainiacjoe_overflow_brackets,
          david_lair_generic, nicolae_trove_entry_path_of_doom, serial_shops,
          shop, uniq_maggie, uniq_gastronok, uniq_maurice, uniq_grum
D:11:     layout_gridville, orc_0_dummy, uniq_urug
Temple:   hellmonk_temple_beads
Lair:1:   layout_loops_ring, st_stairs_12, cheibrodos_lair_caveside_slide
Lair:2:   layout_cave_pods, guppyfry_snake_entry_island, minmay_holes,
          minmay_lair_oklob_bushes, beast_lair_carwin_3
Lair:3:   layout_regular_city, elwin_shoals_entry_stream, basic_altar,
          nicolae_volcano_entry_hallway, kennysheep_rathole, uniq_kirke,
          uniq_nergalle
Lair:4:   layout_small_grid, minmay_slime_entry_pillars
Lair:5:   gammafunk_lair_ancient_temple, layout_cave_pods, st_stairs_11
Shoals:1: layout_shoals
Shoals:2: layout_shoals, portal_ice_cave_entry_pillars_1,
          nicolae_shoals_siren_and_animal_friends
Orc:1:    minmay_goldmine, layout_caves, serial_shops,
          nicolae_book_shop_shelving
Orc:2:    grunt_orc_community_town_hall, layout_caves,
          grunt_orc_community_big_house_2, grunt_orc_community_big_house_2,
          grunt_orc_community_house_3, grunt_orc_community_house_2,
          grunt_orc_community_house_1, grunt_orc_community_house_1,
          grunt_orc_community_house_2, grunt_orc_community_house_3, basic_altar
IceCv:    ice_cave_small_demon

Skill      XL: |  1  2  3  4  5  6  7  8  9 10 11 12 13 14 15 |
---------------+----------------------------------------------+-----
Fighting       | 1 2 3 4 6 7 9 12 13 15 16 | 16.0
Ice Magic      | 5 6 7 8 10 13 14 16 18 19 | 19.1
Spellcasting   | 3 4 5 6 8 |  8.0
Dodging        | 3 4 6 8 |  8.0
Armour         | 1 2 |  2.0
Evocations     | 6 8 |  8.0
Translocations | 4 |  4.0
Conjurations   | 2 4 |  4.0
Air Magic      | 2 |  2.0
Stealth        | |  2.1

Action                     |  1- 3 |  4- 6 |  7- 9 | 10-12 | 13-15 || total
---------------------------+-------+-------+-------+-------+-------++-------
  Melee: Dagger            |   162 |     2 |       |       |       ||   164
         Punch             |     1 |     3 |     3 |     5 |    15 ||    27
         Mace              |       |    80 |   134 |   302 |   607 ||  1123
         Flail             |       |       |       |       |   159 ||   159
         Tailslap          |       |       |       |       |    21 ||    21
   Cast: Freeze            |    21 |     7 |     4 |    56 |   103 ||   191
         Frozen Ramparts   |       |     7 |    32 |    71 |   139 ||   249
         Ozocubu's Armour  |       |     6 |    29 |    53 |   114 ||   202
         Hailstorm         |       |       |       |    20 |    53 ||    73
         Freezing Cloud    |       |       |       |       |    26 ||    26
  Evoke: Wand              |       |       |       |       |     5 ||     5
    Use: Scroll            |       |       |     4 |    20 |     8 ||    32
         Potion            |       |       |       |     3 |    13 ||    16
   Stab: Sleeping          |     4 |     5 |       |     5 |       ||    14
         Distracted        |       |     3 |       |     3 |     6 ||    12
 Armour: Robe              |    38 |     7 |       |       |       ||    45
         Leather armour    |       |     4 |    40 |   112 |   527 ||   683
  Dodge: Dodged            |   127 |    42 |   164 |   354 |  1136 ||  1823
